 Dungeon Crawl Stone Soup version 0.24-a0-203-gf0bc1e9 (webtiles) character file.

Game seed: 15873373065429836024

1839 Gorice the Grappler (level 9, -9/79 HPs)
             Began as a Ghoul Wanderer on Mar 26, 2019.
             Was an Initiate of Makhleb.
             Mangled by an orc warrior
             ... wielding a +0 battleaxe
              (25 damage)
             ... on level 8 of the Dungeon.
             The game lasted 00:21:35 (5743 turns).

Gorice the Grappler (Ghoul Wanderer)                Turns: 5743, Time: 00:21:36

Health: -9/79      AC: 15    Str: 20    XL:     9   Next: 11%
Magic:  8/8        EV:  6    Int:  7    God:    Makhleb [......]
Gold:   327        SH:  0    Dex: 14    Spells: 8/8 levels left

rFire    . . .     SeeInvis .     - Unarmed
rCold    + . .     Gourm    .   (no shield)
rNeg     + + +     Faith    .   m - +0 plate armour
rPois    ∞         Spirit   .   (no helmet)
rElec    .         Reflect  .   q - +0 cloak
rCorr    .         Harm     .   h - +0 pair of gloves
MR       .....                  i - +0 pair of boots
Stlth    ..........             (no amulet)
HPRegen  0.00/turn              g - +3 ring of strength
MPRegen  0.11/turn              y - +4 ring of dexterity

@: rotting
A: rotting body, claws 1, carnivore, cold resistance 1, negative energy
resistance 3, inhibited regeneration, torment resistance, unbreathing
a: Renounce Religion


You were on level 8 of the Dungeon.
You worshipped Makhleb.
Makhleb was noncommittal.
You were not hungry.

You visited 2 branches of the dungeon, and saw 8 of its levels.

You collected 327 gold pieces.

Inventory:

Hand Weapons
 b - a +0 shortbow
 c - a +2 mace
 x - a +1 battleaxe of flaming
   (You took it off an orc on level 8 of the Dungeon)
 z - a +4 hand axe of chopping
   (You took it off Blork the orc on level 4 of the Dungeon)
 A - a +2 flail of protection
   (You took it off Edmund on level 3 of the Dungeon)
Missiles
 o - 4 tomahawks (quivered)
 r - 152 arrows
 Y - 292 stones
Armour
 e - a +0 robe
 h - a +0 pair of gloves (worn)
 i - a +0 pair of boots (worn)
 m - a +0 plate armour (worn)
 q - a +0 cloak (worn)
Jewellery
 a - an uncursed ring of protection from cold
 g - a +3 ring of strength (left hand)
 w - an uncursed ring of protection from cold
 y - a +4 ring of dexterity (right hand)
Wands
 l - a wand of iceblast (3)
Scrolls
 j - 5 scrolls of remove curse
 t - a scroll of amnesia
Potions
 d - 3 potions of curing
 k - 2 potions of invisibility {!q}
 n - 3 potions of flight
 p - a potion of magic {unknown}
 s - 2 potions of brilliance {unknown}
 u - a potion of lignification {unknown}
 v - 2 potions of haste {unknown}
Comestibles
 f - 12 rations
 B - 4 chunks of flesh


   Skills:
 + Level 7.2 Fighting
 - Level 2.6(2.8) Maces & Flails
   Level 1.0(2.0) Staves
 + Level 4.6 Armour
 - Level 1.1 Stealth
   Level 1.0 Shields
 * Level 9.2 Unarmed Combat


You had 8 spell levels left.
You didn't know any spells.
Your spell library contained the following spells:

 Spells                   Type           Power        Failure   Level  Hunger
 Confusing Touch          Hex            #.....       100%        1    ##.....
 Confuse                  Hex            #.......     100%        3    ####...
 Gell's Gravitas          Tloc           #.........   100%        3    ####...
 Petrify                  Tmut/Erth      #.......     100%        4    #####..
 Metabolic Englaciation   Hex/Ice        #.........   100%        5    ######.
 Yara's Violent Unravell  Hex/Tmut       #.........   100%        5    ######.


Dungeon Overview and Level Annotations

Branches:
Dungeon (6/15)             Temple (1/1) D:5            Lair (0/6) D:8

Altars:
Ashenzari
Cheibriados
Dithmenos
Elyvilon
Fedhas
Gozag
Hepliaklqana
Kikubaaqudgha
Makhleb
Nemelex Xobeh
Okawaru
Qazlal
Ru
Sif Muna
Trog
Uskayaw
Vehumet
Wu Jian
Xom
Yredelemnul
Zin
The Shining One


Innate Abilities, Weirdness & Mutations

Your body is rotting away.
You thrive on raw meat.
You are immune to poison.
You have sharp fingernails.
You are carnivorous and can eat meat at any time.
Your flesh is cold resistant. (rC+)
You are immune to negative energy. (rN+++)
You do not regenerate when monsters are visible.
You are immune to unholy pain and torment.
You can survive without breathing.


Message History

Unknown command.
You closely miss the orc warrior.
The orc warrior is heavily wounded.
The orc warrior closely misses you.
Unknown command.
You hit the orc warrior but do no damage.
You punch the orc warrior.
The orc warrior is severely wounded.
The orc barely misses you.
The orc warrior hits you with a +0 battleaxe.
Damage: 6 (max 11)
You closely miss the orc warrior.
The orc warrior is severely wounded.
The orc barely misses you.
Unknown command.
You closely miss the orc warrior.
The orc warrior is severely wounded.
The orc warrior hits you but does no damage.
The orc barely misses you.
You hit the orc warrior but do no damage.
The orc warrior is severely wounded.
Unknown command.
You hit the orc warrior.
The orc warrior is severely wounded.
The orc warrior hits you with a +0 battleaxe!
The orc barely misses you.
Damage: 10 (max 11) Unknown command.
You barely miss the orc warrior.
The orc warrior is severely wounded.
The orc warrior hits you with a +0 battleaxe.
The orc hits you but does no damage.
Damage: 6 (max 11)
You closely miss the orc warrior.
The orc warrior is severely wounded.
You hit the orc warrior but do no damage.
You punch the orc warrior.
The orc warrior is almost dead.
The orc warrior hits you with a +0 battleaxe!
* * * LOW HITPOINT WARNING * * *
The orc hits you but does no damage.
Unknown command.
Damage: 16 (max 16)
You barely miss the orc warrior.
The orc warrior is almost dead.
The orc hits you but does no damage.
You hit the orc warrior.
The orc warrior is almost dead.
The orc warrior hits you with a +0 battleaxe!!
You die...

y...........##.#........##...###
.....###(...(#..#..#.#...'.###
..... .#...##..#.#...##### .....
. .. #...÷..### ..... . .
##...###.. ..... .. #.###....
#.# ..$.. #o#o..... #@oo.#
###.## .# . ##


You could see an orc warrior and 3 orcs.

Vanquished Creatures
  A wyvern (D:8)
  Edmund (D:3)
  4 ogres
  An eye of draining (D:8)
  A phantom (D:8)
  A necrophage (D:4)
  Blork the orc (D:4)
  A scorpion (D:3)
  A howler monkey (D:2)
  A bullfrog zombie (D:6)
  4 orc priests
  A hound (D:4)
  2 centaur skeletons (D:4)
  Crazy Yiuf (D:3)
  7 orc wizards
  2 iguanas
  2 worker ants (D:4)
  3 gnolls (D:2)
  A howler monkey skeleton (D:4)
  11 adders
  A shadow imp (D:5)
  An ooze (D:4)
  An adder skeleton (D:4)
  3 worms
  2 dart slugs
  2 leopard geckos (D:4)
  14 orcs
  A ball python (D:3)
  6 giant cockroaches
  6 goblins
  9 hobgoblins
  8 kobolds
  A quokka (D:4)
  11 bats
  9 frilled lizards
  11 rats
133 creatures vanquished.

Vanquished Creatures (others)
  An orc wizard (D:5)
1 creature vanquished.

Grand Total: 134 creatures vanquished

Notes
Turn   | Place    | Note
-------+----------+-------------------------------------------
     0 | D:1      | Gorice the Ghoul Wanderer began the quest for the Orb.
     0 | D:1      | Gorice set off with the following items: a +2 mace, a +0
                  | shortbow, 23 arrows, a potion of curing, a +0 robe, a
                  | ration
     0 | D:1      | Reached XP level 1. HP: 19/19 MP: 0/0
    69 | D:1      | Reached skill level 1 in Unarmed Combat
   122 | D:1      | Reached XP level 2. HP: 24/26 MP: 1/1
   284 | D:1      | Reached skill level 2 in Unarmed Combat
   597 | D:2      | Reached XP level 3. HP: 33/33 MP: 2/2
   814 | D:2      | Reached skill level 4 in Fighting
   814 | D:2      | Reached skill level 3 in Unarmed Combat
   814 | D:2      | Reached XP level 4. HP: 31/40 MP: 3/3
  1020 | D:2      | Reached skill level 4 in Unarmed Combat
  1020 | D:2      | Reached XP level 5. HP: 46/47 MP: 4/4
  1810 | D:3      | Found a stormy altar of Qazlal.
  1888 | D:3      | Found a runed translucent door.
  1889 | D:3      | Noticed Crazy Yiuf
  1937 | D:3      | Reached XP level 6. HP: 48/55 MP: 5/5
  2294 | D:3      | Reached skill level 5 in Unarmed Combat
  2594 | D:3      | Killed Crazy Yiuf
  2682 | D:3      | Reached skill level 5 in Fighting
  2728 | D:4      | Reached skill level 2 in Armour
  2756 | D:4      | Noticed Edmund
  2822 | D:3      | Killed Edmund
  2822 | D:3      | Reached skill level 6 in Unarmed Combat
  2822 | D:3      | Reached XP level 7. HP: 24/60 MP: 6/6
  3488 | D:4      | Reached skill level 3 in Armour
  3520 | D:4      | Reached skill level 6 in Fighting
  3520 | D:4      | Reached skill level 7 in Unarmed Combat
  3520 | D:4      | Reached XP level 8. HP: 51/70 MP: 7/7
  3559 | D:4      | Noticed Blork the orc
  3566 | D:4      | Killed Blork the orc
  3982 | D:5      | Entered Level 5 of the Dungeon
  4035 | D:5      | Found a staircase to the Ecumenical Temple.
  4042 | Temple   | Entered the Ecumenical Temple
  4302 | Temple   | Became a worshipper of Makhleb the Destroyer
  4384 | Temple   | HP: 19/69 [something/magic dart (8)]
  5049 | D:5      | Found an ornate altar of the Wu Jian Council.
  5246 | D:6      | Reached skill level 8 in Unarmed Combat
  5350 | D:6      | You fall through a shaft for 2 floors!
  5350 | D:8      | Noticed a two-headed ogre
  5353 | D:8      | Found a staircase to the Lair.
  5376 | D:8      | Reached skill level 4 in Armour
  5490 | D:8      | Reached skill level 7 in Fighting
  5563 | D:8      | Noticed a wyvern
  5570 | D:8      | HP: 19/67 [wyvern (13)]
  5573 | D:8      | Killed a wyvern
  5573 | D:8      | Reached skill level 9 in Unarmed Combat
  5573 | D:8      | Reached XP level 9. HP: 19/73 MP: 8/8
  5741 | D:8      | HP: 16/79 [orc warrior/+0 battleaxe (16)]
  5743 | D:8      | Mangled by an orc warrior

Levels and vault maps discovered:
D:1:      dpeg_arrival_arbitrary_b, layout_basic
D:2:      layout_loops_cross, minmay_octomino_j4
D:3:      layout_basic, st_stairs_1, chequers_serial_rivers_room_a,
          nicolae_qazlal_eye_of_the_storm, uniq_crazy_yiuf_cottage
D:4:      layout_loops_corners, uniq_blork_the_orc, uniq_edmund
D:5:      layout_rooms, kennysheep_mini_moat, minmay_temple_entry_arrows,
          first_ration
D:6:      layout_layer_cave
D:8:      minmay_skewed_foursquare, layout_rooms
Temple:   nicolae_temple_the_god_donut

Skill      XL: |  1  2  3  4  5  6  7  8 |
---------------+-------------------------+-----
Unarmed Combat | 1 2 3 4 6 7 9 |  9.2
Fighting       | 4 5 6 7 |  7.2
Armour         | 2 3 4 |  4.6
Maces & Flails | |  2.6
Staves         | |  1.0
Stealth        | |  1.1
Shields        | |  1.0

Action                   |  1- 3 |  4- 6 |  7- 9 || total
-------------------------+-------+-------+-------++-------
Melee: Mace              |    68 |   254 |   127 ||   449
       Punch             |       |     3 |     8 ||    11
       Unarmed           |       |       |   114 ||   114
 Fire: Shortbow          |       |     3 |       ||     3
Throw: Tomahawk          |       |     2 |    11 ||    13
Evoke: Wand              |       |       |     2 ||     2
  Use: Scroll            |     2 |     2 |     4 ||     8
 Stab: Sleeping          |     3 |     2 |       ||     5
  Eat: Chunk             |     9 |    29 |    19 ||    57
Armor: Robe              |    24 |    35 |       ||    59
       Plate armour      |       |   129 |   184 ||   313
Dodge: Dodged            |    32 |   115 |    46 ||   193

Table legend:
 A = Non-vault XP
 B = Vault XP
 C = Vault XP percentage of total XP
 D = Non-vault monster count
 E = Vault monster count
 F = Vault count percentage of total count
                 A         B        C        D         E       F
            +---------+---------+-------+---------+---------+-------
      Total |    2256 |     372 |  14.2 |     125 |       9 |   6.7
            +---------+---------+-------+---------+---------+-------
        D:1 |      32 |       0 |   0.0 |      20 |       0 |   0.0
        D:2 |     133 |      61 |  31.4 |      30 |       4 |  11.8
        D:3 |     261 |     220 |  45.7 |      30 |       4 |  11.8
        D:4 |     559 |      91 |  14.0 |      20 |       1 |   4.8
        D:5 |     369 |       0 |   0.0 |      10 |       0 |   0.0
        D:6 |      81 |       0 |   0.0 |       2 |       0 |   0.0
        D:8 |     792 |       0 |   0.0 |      12 |       0 |   0.0
     Temple |      29 |       0 |   0.0 |       1 |       0 |   0.0
            +---------+---------+-------+---------+---------+-------

Table legend:
 A = Turns spent in this place as a percentage of turns spent in the entire game.
 B = Non-inter-level travel turns spent in this place as a percentage of non-inter-level travel turns spent in the entire game.
 C = Inter-level travel turns spent in this place as a percentage of turns spent in this place.
 D = Turns resting spent in this place as a percentage of non-inter-level travel turns spent in this place.
 E = Turns spent auto-exploring this place as a percentage of non-inter-level travel turns spent in this place.
 F = Non-inter-level travel turns spent in this place divided by the number of levels of this place that you've seen.
                   A       B       C       D       E      F
               +-------+-------+-------+-------+-------+----------------------
         Total | 100.0 | 100.0 |   4.2 |  11.0 |  55.2 | 687.4
       Dungeon |  92.2 |  92.6 |   3.8 |   9.0 |  55.1 | 727.6
        Temple |   7.8 |   7.4 |   9.6 |  36.5 |  56.9 | 406.0
               +-------+-------+-------+-------+-------+----------------------

Levels and vault maps discovered:
D:1:      dpeg_arrival_arbitrary_b, layout_basic
D:2:      layout_loops_cross, minmay_octomino_j4
D:3:      layout_basic, st_stairs_1, chequers_serial_rivers_room_a,
          nicolae_qazlal_eye_of_the_storm, uniq_crazy_yiuf_cottage
D:4:      layout_loops_corners, uniq_blork_the_orc, uniq_edmund
D:5:      layout_rooms, kennysheep_mini_moat, minmay_temple_entry_arrows,
          first_ration
D:6:      layout_layer_cave
D:8:      minmay_skewed_foursquare, layout_rooms
Temple:   nicolae_temple_the_god_donut
